[Event "Team 45 45 League T32"]
[Site "Internet Chess Club"]
[Date "2007.02.04"]
[Round "3"]
[White "OOB1"]
[Black "drflounder"]
[Result "0-1"]
[WhiteElo "1484"]
[BlackElo "1737"]
[ECO "C02"]
[TimeControl "2700+45"]

1. e4 e6 2. d4 d5 3. e5 c5 4. c3 Nc6 5. Nf3 cxd4 6. cxd4 Qb6 7. a3 Nge7 8. Qc2
Nxd4 9. Qa4+ Ndc6 10. Bb5 Bd7 11. Be3 Qa5+ 12. Qxa5 Nxa5 13. Bxd7+ Kxd7 14. O-O
Nf5 15. b4 Nxe3 16. fxe3 Nc4 17. Re1 Be7 18. Nbd2 Nxd2 19. Nxd2 Rhc8 20. Nf3 Rc3
21. Nd4 a6 22. Kf2 Rac8 23. b5 axb5 24. Nxb5 Rb3 25. a4 Rb2+ 26. Re2 Rxe2+ 27.
Kxe2 Rc2+ 28. Kf3 Bc5 29. h3 Rc4 30. a5 Re4 31. Nd4 Bxd4 32. exd4 Rxd4 33. a6
bxa6 34. Rxa6 Rc4 35. Ra7+ Rc7 36. Ra8 Kc6 37. h4 h5 38. g4 hxg4+ 39. Kxg4 d4
40. Ra6+ Kd5 41. Kf4 Kc4 42. Ke4 Rc5 43. Ra4+ Kb5 44. Rxd4 Rc4 45. Rxc4 Kxc4 46.
h5 Kc5 47. Ke3 Kd5 48. Kf4 Kd4 {White resigns} 0-1

[Event "Team 45 45 League T32"]
[Site "Internet Chess Club"]
[Date "2007.02.03"]
[Round "3"]
[White "gessie7"]
[Black "rubashov"]
[Result "0-1"]
[WhiteElo "1368"]
[BlackElo "1504"]
[ECO "B40"]
[TimeControl "2700+45"]

1. e4 c5 2. Nf3 e6 3. Nc3 Qc7 4. Bc4 a6 5. a3 b5 6. Ba2 Bb7 7. d3 g6 8. Be3 Bg7
9. d4 cxd4 10. Bxd4 e5 11. Be3 Ne7 12. Qd2 O-O 13. Bg5 Nbc6 14. Bh6 Rfe8 15.
Bxg7 Kxg7 16. Ng5 Nd8 17. Nd5 Nxd5 18. Bxd5 Bxd5 19. Qxd5 Ne6 20. Nxe6+ fxe6 21.
Qd3 Rac8 22. O-O-O d5 23. Rd2 d4 24. f4 Red8 25. Qb3 Qc4 26. Qxc4 bxc4 27. fxe5
d3 28. c3 Rc5 29. Rf1 Rxe5 30. b4 cxb3 31. Kb2 Rxe4 32. Rfd1 Re3 33. Kxb3 e5 34.
c4 e4 35. c5 Kf6 36. Kc4 Ke5 37. Kb4 Rc8 38. Kc4 Rd8 39. c6 Re2 40. Rxe2 dxe2
41. Re1 Rd2 42. Kc5 Rc2+ 43. Kb6 Kd6 44. c7 Rxc7 45. Kxa6 Rc2 46. Kb5 Kd5 47.
Kb4 Kd4 48. a4 Kd3 49. a5 Kd2 50. Kb3 Kxe1 51. Kxc2 Kf2 52. a6 e1=Q 53. a7 Qa5
54. g4 Qxa7 55. g5 e3 56. h4 e2 57. h5 gxh5 58. g6 hxg6 59. Kd3 e1=Q 60. Kc4 Qd7
61. Kb3 Qc1 62. Ka2 Qcc8 63. Kb2 Qdb7+ 64. Ka3 Qca8# {White checkmated} 0-1

[Event "Team 45 45 League T32"]
[Site "Internet Chess Club"]
[Date "2007.02.04"]
[Round "3"]
[White "Mfalme"]
[Black "markev"]
[Result "0-1"]
[WhiteElo "1166"]
[BlackElo "1264"]
[ECO "B20"]
[TimeControl "2700+45"]

1. e4 c5 2. g3 d6 3. Bg2 Nf6 4. d3 g6 5. Nc3 Bg7 6. Nd5 Nxd5 7. exd5 Nd7 8. Qe2
O-O 9. c4 Ne5 10. h3 Bf5 11. Be4 Qd7 12. g4 Bxe4 13. dxe4 a6 14. f4 b5 15. fxe5
Bxe5 16. Bh6 Bg3+ 17. Kd2 Rfb8 18. Nf3 bxc4 19. Qxc4 Rxb2+ 20. Kc1 Rb4 21. Qc3
f6 22. g5 Bf4+ 23. Kc2 Qa4+ 24. Kd3 Qb5+ 25. Kc2 Rc4 {White resigns} 0-1

[Event "Team 45 45 League T32"]
[Site "Internet Chess Club"]
[Date "2007.02.03"]
[Round "3"]
[White "OnFire"]
[Black "b-spot"]
[Result "1-0"]
[WhiteElo "1674"]
[BlackElo "1647"]
[ECO "B95"]
[TimeControl "2700+45"]

1. e4 c5 2. Nf3 d6 3. d4 cxd4 4. Nxd4 Nf6 5. Nc3 a6 6. Bg5 e6 7. Qd2 Qb6 8. Nb3
Nbd7 9. f3 Be7 10. O-O-O h6 11. Bxf6 Nxf6 12. g4 Nxg4 13. Qg2 Bg5+ 14. Kb1 Nf2
15. h4 Bf6 16. e5 dxe5 17. Ne4 Nxe4 18. fxe4 O-O 19. Be2 Rd8 20. Rdf1 Be7 21.
Rhg1 Bf8 22. Bh5 Qc7 23. Bxf7+ Kh8 24. Bh5 Rd7 25. Bg4 Re7 26. Rxf8+ Kh7 27.
Bf5+ exf5 28. Qg6# {Black checkmated} 1-0

[Event "Team 45 45 League T32"]
[Site "Internet Chess Club"]
[Date "2007.02.04"]
[Round "3"]
[White "tammany"]
[Black "TrickyBishop"]
[Result "1-0"]
[WhiteElo "1729"]
[BlackElo "1717"]
[ECO "C45"]
[TimeControl "2700+45"]

1. e4 e5 2. Nf3 Nc6 3. d4 exd4 4. Nxd4 Nf6 5. Nxc6 bxc6 6. e5 Nd5 7. c4 Nb6 8.
Be2 Bc5 9. O-O Qh4 10. g3 Qe4 11. Bd3 Qxe5 12. Re1 {Black resigns} 1-0

[Event "Team 45 45 League T32"]
[Site "Internet Chess Club"]
[Date "2007.02.04"]
[Round "3"]
[White "grandpa06"]
[Black "dougmo"]
[Result "1-0"]
[WhiteElo "1458"]
[BlackElo "1543"]
[ECO "A02"]
[TimeControl "2700+45"]

1. f4 Nf6 2. Nf3 g6 3. b3 Bg7 4. Bb2 O-O 5. e3 d6 6. Be2 c5 7. O-O Nc6 8. c4 Bg4
9. Na3 Re8 10. Nc2 Rc8 11. Nce1 Qc7 12. Nd3 e6 13. Nf2 Bxf3 14. Bxf3 e5 15. fxe5
Nxe5 16. Rb1 Nxf3+ 17. Qxf3 Re6 18. d3 Rce8 19. e4 Nd7 20. Bxg7 Kxg7 21. Ng4 Ne5
22. Qf4 Nxg4 23. Qxg4 Qe7 24. Rb2 h5 25. Qf4 Rf6 26. Qg3 Rxf1+ 27. Kxf1 Qf6+ 28.
Qf2 Qxf2+ 29. Rxf2 Re5 30. Ke2 f5 31. Ke3 fxe4 32. dxe4 Re6 33. Kd3 Rf6 34. Ke3
Rxf2 35. Kxf2 Kf6 36. Ke2 Ke5 37. Ke3 g5 38. a4 b6 39. g3 a6 40. Kd3 h4 41. Ke3
hxg3 42. hxg3 a5 43. Kd3 Ke6 44. Ke2 Ke5 45. Ke3 Ke6 46. Kf3 Ke5 47. Kg4 Kf6 48.
Kh5 Ke5 49. Kxg5 Kxe4 50. g4 Ke5 51. Kg6 Ke6 52. g5 Ke7 53. Kg7 {Black resigns}
1-0

[Event "Team 45 45 League T32"]
[Site "Internet Chess Club"]
[Date "2007.01.31"]
[Round "3"]
[White "Two-DogMan"]
[Black "oldsj"]
[Result "1-0"]
[WhiteElo "1526"]
[BlackElo "1387"]
[ECO "C50"]
[TimeControl "2700+45"]

1. e4 e5 2. Nf3 Nc6 3. Bc4 Bc5 4. O-O Nf6 5. Nc3 d6 6. h3 Be6 7. Be2 Qe7 8. d3
O-O-O 9. Bd2 d5 10. a3 dxe4 11. dxe4 Nd4 12. Bd3 Nxf3+ 13. Qxf3 h6 14. Qg3 Bd4
15. Be3 Nh5 16. Qf3 Nf6 17. Bxd4 exd4 18. Ne2 g5 19. e5 Ne8 20. Bf5 Rf8 21.
Bxe6+ fxe6 22. Qg4 d3 23. cxd3 Rxd3 24. Nd4 Ng7 25. Qe4 Rd2 26. Nb3 Rd5 27. Qa4
a6 28. Rae1 Rfd8 29. Na5 Qc5 30. Nb3 Qb5 31. Qxb5 Rxb5 32. Re3 Nf5 33. Rc3 Rxe5
34. Rfc1 c6 35. Nc5 Nd4 36. Kh1 Ne2 37. Re1 Ng3+ 38. Kh2 Rxe1 39. Kxg3 Rd2 40.
b4 Ree2 41. Rf3 e5 42. Rf8+ Rd8 43. Rf7 Red2 44. Rxb7 R2d7 45. Rxd7 Rxd7 46.
Nxd7 Kxd7 47. Kg4 Ke6 48. Kh5 Kf5 49. Kxh6 Kf6 50. Kh5 e4 51. Kg4 Kg6 52. h4
gxh4 53. Kxh4 Kh6 54. Kg4 Kg6 55. Kf4 Kf6 56. Kxe4 Ke6 57. f4 Kd6 58. g4 c5 59.
bxc5+ Kxc5 60. g5 Kd6 61. f5 Ke7 62. Ke5 a5 63. f6+ Kf8 64. g6 a4 65. Ke6 Kg8
66. Ke7 Kh8 67. f7 Kg7 68. f8=Q+ Kxg6 69. Qf1 Kg7 70. Qg1+ Kh8 71. Kf7 Kh7 72.
Qh1# {Black checkmated} 1-0

[Event "Team 45 45 League T32"]
[Site "Internet Chess Club"]
[Date "2007.02.02"]
[Round "3"]
[White "HarishBN"]
[Black "nursey"]
[Result "1-0"]
[WhiteElo "1716"]
[BlackElo "1674"]
[ECO "C51"]
[TimeControl "2700+45"]

1. e4 e5 2. Nf3 Nc6 3. Bc4 Bc5 4. b4 Bxb4 5. c3 Be7 6. d4 Nf6 7. dxe5 Ng4 8. Qd5
O-O 9. h3 Nh6 10. Bxh6 gxh6 11. O-O b6 12. Rd1 a5 13. Qd2 Bg5 14. Qd3 Re8 15.
Bd5 Ba6 16. Qc2 Qe7 17. Nbd2 Be2 18. Re1 Bxf3 19. Nxf3 Rad8 20. Bxc6 dxc6 21.
Nd4 Qxe5 22. Nxc6 Rd2 23. Qxd2 Bxd2 24. Nxe5 Bxe1 25. Rxe1 Rxe5 26. f4 Re6 27.
e5 c6 28. Kf2 Kf8 29. Kf3 Ke7 30. f5 {Black resigns} 1-0

[Event "Team 45 45 League T32"]
[Site "Internet Chess Club"]
[Date "2007.02.05"]
[Round "3"]
[White "Dagambiter"]
[Black "Changuito-77"]
[Result "0-1"]
[WhiteElo "1610"]
[BlackElo "1791"]
[ECO "C44"]
[TimeControl "2700+45"]

1. e4 e5 2. Nf3 Nc6 3. d4 exd4 4. c3 dxc3 5. Nxc3 Bb4 6. Bc4 Qf6 7. Bg5 Bxc3+ 8.
bxc3 Qxc3+ 9. Nd2 Nge7 10. O-O d6 11. Rc1 Qa5 12. Be3 Ng6 13. Bb3 Qe5 14. Nc4
Qe7 15. Ba4 Bd7 16. Qb3 Nd8 17. Na5 Bxa4 18. Qxa4+ Qd7 19. Rxc7 Qxa4 {White
resigns} 0-1

[Event "Team 45 45 League T32"]
[Site "Internet Chess Club"]
[Date "2007.02.01"]
[Round "3"]
[White "Cantemir"]
[Black "Lyko"]
[Result "1-0"]
[WhiteElo "1540"]
[BlackElo "1474"]
[ECO "A30"]
[TimeControl "2700+45"]

1. Nf3 c5 2. c4 d6 3. Nc3 b6 4. d4 cxd4 5. Nxd4 Bb7 6. b3 g6 7. Bb2 Bg7 8. e3
Nd7 9. Ncb5 Nc5 10. Nc6 Bxc6 11. Bxg7 Bxb5 12. cxb5 Rc8 13. Bc4 Qd7 14. Qf3 e6
15. Rd1 d5 16. O-O Ne4 17. Qf4 g5 18. Qf3 f5 19. Bxh8 Qe7 20. Qh5+ Kd7 21. Bxd5
exd5 22. Rxd5+ Ke6 23. Re5+ {Black resigns} 1-0

[Event "Team 45 45 League T32"]
[Site "Internet Chess Club"]
[Date "2007.02.05"]
[Round "3"]
[White "twintower"]
[Black "GadsHill"]
[Result "1/2-1/2"]
[WhiteElo "1592"]
[BlackElo "1542"]
[ECO "B07"]
[TimeControl "2700+45"]

1. e4 d6 2. d4 Nf6 3. Nc3 Nbd7 4. Nf3 e5 5. Bg5 Be7 6. Qd2 O-O 7. Bc4 c6 8.
O-O-O b5 9. Bb3 a5 10. a3 h6 11. Bxf6 Nxf6 12. dxe5 dxe5 13. Nxe5 Qc7 14. Qf4 b4
15. Nb1 Nd5 16. Qg3 Bg5+ 17. Nd2 Bf4 18. Qf3 Qxe5 19. exd5 bxa3 20. Qc3 axb2+
21. Qxb2 Qxb2+ 22. Kxb2 cxd5 23. Nf3 a4 24. Bxd5 a3+ 25. Ka2 Be6 26. c4 Bxd5 27.
cxd5 Rfb8 28. Rb1 {Game drawn by mutual agreement} 1/2-1/2

[Event "Team 45 45 League T32"]
[Site "Internet Chess Club"]
[Date "2007.02.05"]
[Round "3"]
[White "az2112"]
[Black "Mikey29a"]
[Result "1-0"]
[WhiteElo "1637"]
[BlackElo "1631"]
[ECO "B30"]
[TimeControl "2700+45"]

1. e4 c5 2. Nf3 Nc6 3. c3 e6 4. d4 d5 5. e5 Qb6 6. a3 a5 7. Bd3 Bd7 8. Bc2 cxd4
9. cxd4 f6 10. O-O fxe5 11. Nxe5 Nxe5 12. dxe5 g6 13. Nd2 Bg7 14. Nf3 Ne7 15. b4
axb4 16. Be3 Qc7 17. axb4 Rxa1 18. Qxa1 Qxc2 19. Rc1 Qa4 20. Bc5 Qxa1 21. Rxa1
h6 22. Ra8+ Kf7 23. Ra7 Bc8 24. b5 Re8 25. Bd6 Nf5 26. Bc7 Re7 27. b6 Bf8 28. g4
Ng7 29. Nd4 Ne8 30. Nb5 Nxc7 31. Nd6+ Kg7 32. Nxc8 Rd7 33. Rxb7 Kf7 34. Rxc7
Rxc7 35. bxc7 Ke8 36. Nd6+ Bxd6 37. c8=Q+ {Black resigns} 1-0

[Event "Team 45 45 League T32"]
[Site "Internet Chess Club"]
[Date "2007.02.03"]
[Round "3"]
[White "ElmerHo"]
[Black "ChessZak"]
[Result "1/2-1/2"]
[WhiteElo "1632"]
[BlackElo "1505"]
[ECO "B38"]
[TimeControl "2700+45"]

1. e4 c5 2. Nf3 Nc6 3. d4 cxd4 4. Nxd4 g6 5. c4 Bg7 6. Be3 Qb6 7. Nb3 Qc7 8. Qd2
Nf6 9. f3 O-O 10. Nc3 d6 11. Rc1 Na5 12. Nxa5 Qxa5 13. Be2 Bd7 14. O-O a6 15. b3
b5 16. Nd5 Qxd2 17. Nxe7+ Kh8 18. Bxd2 bxc4 19. Bxc4 Bb5 20. Bb4 Bxc4 21. Rxc4
Rfd8 22. Rd1 Bf8 23. Nd5 Nxd5 24. Rxd5 Rac8 25. Rxc8 Rxc8 26. Bxd6 Bxd6 27. Rxd6
Rc1+ 28. Kf2 Rc2+ 29. Kg3 Rxa2 30. b4 Rb2 31. Rxa6 Rxb4 32. h3 Kg7 33. Ra5 h5
34. Rd5 Rb6 35. Kf4 Kf6 36. e5+ Ke6 37. Rc5 Rb4+ 38. Ke3 Rb2 39. g4 hxg4 40.
hxg4 Rb1 41. Kf4 Rb4+ 42. Kg3 g5 43. Ra5 Rc4 {Game drawn by mutual agreement}
1/2-1/2

[Event "Team 45 45 League T32"]
[Site "Internet Chess Club"]
[Date "2007.02.04"]
[Round "3"]
[White "Toalla"]
[Black "Hastings"]
[Result "1/2-1/2"]
[WhiteElo "1355"]
[BlackElo "1405"]
[ECO "A49"]
[TimeControl "2700+45"]

1. d4 Nf6 2. Nf3 g6 3. g3 Bg7 4. c3 O-O 5. Bg2 d6 6. O-O Bd7 7. Re1 b6 8. Nbd2
a6 9. e4 Ra7 10. b4 Qc8 11. Bb2 c5 12. Rc1 Rc7 13. e5 Nh5 14. Nf1 Bh6 15. Ne3
Bh3 16. Nd5 Bxg2 17. Nxc7 Bxf3 18. Qxf3 Bxc1 19. exd6 exd6 20. Bxc1 Qxc7 21. Bh6
Qc6 22. d5 Qd7 23. g4 Ng7 24. Qf6 Qxg4+ 25. Kh1 Nh5 26. Qxd6 Qf3+ 27. Kg1 Qg4+
28. Kh1 Qf3+ 29. Kg1 Qg4+ 30. Kh1 {Game drawn by repetition} 1/2-1/2

[Event "Team 45 45 League T32"]
[Site "Internet Chess Club"]
[Date "2007.02.03"]
[Round "3"]
[White "Vannak1"]
[Black "John3v16"]
[Result "1-0"]
[WhiteElo "1771"]
[BlackElo "1789"]
[ECO "B94"]
[TimeControl "2700+45"]

1. e4 c5 2. Nf3 d6 3. d4 cxd4 4. Nxd4 Nf6 5. Nc3 a6 6. Bg5 Nbd7 7. Bc4 e6 8. f4
Be7 9. Bxe6 Nc5 10. Bxc8 Rxc8 11. Nf5 O-O 12. O-O Rc6 13. e5 Re8 14. exf6 Bxf6
15. Re1 Ne6 16. Ne4 Nxg5 17. Nxf6+ gxf6 18. Nh6+ Kg7 19. fxg5 Qb6+ 20. Kh1 Rxe1+
21. Qxe1 fxg5 22. Nf5+ Kf6 23. Qe7+ Kg6 24. Rf1 Rxc2 25. Nh4+ Kh5 26. Qxf7+ Kxh4
27. Qxh7+ Kg4 28. Qh3# {Black checkmated} 1-0

[Event "Team 45 45 League T32"]
[Site "Internet Chess Club"]
[Date "2007.02.05"]
[Round "3"]
[White "GolferBob"]
[Black "PublisherKing"]
[Result "0-1"]
[WhiteElo "1685"]
[BlackElo "1779"]
[ECO "A40"]
[TimeControl "2700+45"]

1. d4 b6 2. Bf4 d6 3. e3 Bb7 4. Nf3 Nf6 5. Nbd2 Nh5 6. Bg5 h6 7. Bh4 g5 8. Bg3
Nxg3 9. hxg3 Bg7 10. c3 c5 11. Bd3 a6 12. Be4 d5 13. Bd3 Nd7 14. Qe2 Qc7 15. Rc1
cxd4 16. exd4 g4 17. Nh4 Bxd4 18. O-O Bf6 19. Rfe1 Ne5 20. Nf5 e6 21. Nd4 b5 22.
N2b3 h5 23. Qd2 O-O-O 24. Bf1 h4 25. Qf4 Bg7 26. Rc2 hxg3 27. Qxg3 Rh7 28. f4
gxf3 29. Nxf3 Nxf3+ 30. Qxf3 Be5 31. Bd3 Rh4 32. Nd4 Bh2+ 33. Kh1 Bg3+ 34. Kg1
Bxe1 {White resigns} 0-1

[Event "Team 45 45 League T32"]
[Site "Internet Chess Club"]
[Date "2007.02.01"]
[Round "3"]
[White "dondel"]
[Black "boozehound"]
[Result "0-1"]
[WhiteElo "1680"]
[BlackElo "1783"]
[ECO "B90"]
[TimeControl "2700+45"]

1. e4 c5 2. Nf3 d6 3. d4 cxd4 4. Nxd4 Nf6 5. Nc3 a6 6. h3 Qc7 7. Be2 b5 8. O-O
Bb7 9. Bf3 Nbd7 10. Re1 Rc8 11. Bd2 Ne5 12. b4 Nc4 13. Nd5 Nxd5 14. exd5 g6 15.
Bc3 Ne5 16. Bb2 Bg7 17. Rb1 O-O 18. Ne2 Nxf3+ 19. gxf3 Qxc2 20. Bxg7 Kxg7 21.
Ra1 Qxd1 22. Raxd1 Rc4 23. a3 Rfc8 24. Kg2 Rc2 25. Nf4 Kf6 26. Ra1 R8c4 27. Kg3
Rd2 28. Re4 Bxd5 29. Nxd5+ Rxd5 30. Rxc4 bxc4 31. Kf4 Rd4+ 32. Kg3 e5 33. a4 c3
34. b5 a5 35. Rc1 Rxa4 36. Rxc3 Rb4 37. Rc6 Ke6 38. b6 a4 39. Rc1 Rxb6 40. Re1
a3 41. f4 a2 42. fxe5 dxe5 43. Kf3 Rb1 {White resigns} 0-1

[Event "Team 45 45 League T32"]
[Site "Internet Chess Club"]
[Date "2007.02.03"]
[Round "3"]
[White "Pawnster"]
[Black "DocHoliday"]
[Result "1-0"]
[WhiteElo "2076"]
[BlackElo "1971"]
[ECO "A45"]
[TimeControl "2700+45"]

1. d4 Nf6 2. Nc3 e6 3. a3 b6 4. e4 Bb7 5. Bg5 Be7 6. Bd3 d6 7. Nf3 Nbd7 8. Qd2
e5 9. dxe5 dxe5 10. O-O h6 11. Bh4 O-O 12. Rad1 Qc8 13. Bc4 Rd8 14. Qe2 c5 15.
Rxd7 Rxd7 16. Nxe5 Rd4 17. Bxf7+ Kf8 18. Bc4 Qc7 19. Ng6+ Ke8 20. f4 Bxe4 21.
Bxf6 Bxg6 22. Nb5 Qd8 23. Bxd4 cxd4 24. Qe6 Bxc2 25. Re1 Qd7 26. Qg8# {Black
checkmated} 1-0

[Event "Team 45 45 League T32"]
[Site "Internet Chess Club"]
[Date "2007.02.04"]
[Round "3"]
[White "ZeTigre"]
[Black "Ghostblaster"]
[Result "1-0"]
[WhiteElo "1894"]
[BlackElo "1631"]
[ECO "B93"]
[TimeControl "2700+45"]

1. e4 c5 2. Nf3 d6 3. d4 cxd4 4. Nxd4 Nf6 5. Nc3 a6 6. f4 e6 7. Qf3 Be7 8. g4
Qb6 9. Nb3 Nfd7 10. Be3 Qc7 11. Bg2 Nc6 12. O-O-O b5 13. Kb1 Bb7 14. g5 b4 15.
Ne2 Rc8 16. Rc1 Na5 17. h4 Nc4 18. Bd4 e5 19. Bf2 a5 20. Rhd1 Ndb6 21. Bh3 Rd8
22. c3 Qb8 23. Nxa5 Nxa5 24. Bxb6 Bxe4+ 25. Qxe4 Qxb6 26. cxb4 Nb7 27. Nc3 Qf2
28. Qxb7 Qxf4 29. Nd5 Qe4+ 30. Ka1 {Black resigns} 1-0

[Event "Team 45 45 League T32"]
[Site "Internet Chess Club"]
[Date "2007.02.03"]
[Round "3"]
[White "autobot"]
[Black "GrandPoobah069"]
[Result "1-0"]
[WhiteElo "1681"]
[BlackElo "1720"]
[ECO "D04"]
[TimeControl "2700+45"]

1. d4 Nf6 2. Nf3 d5 3. e3 g6 4. Bd3 Bg7 5. O-O O-O 6. Nbd2 Nbd7 7. c3 Re8 8. e4
dxe4 9. Nxe4 Nxe4 10. Bxe4 Nf6 11. Bd3 b6 12. Ne5 Bb7 13. Re1 Qd5 14. Bf1 Rad8
15. Be3 Nd7 16. Bf4 Nf8 17. Qg4 Bc8 18. Qg3 Ne6 19. Bc4 Qb7 20. Nxf7 Kxf7 21.
Qe3 Qc6 22. Bb3 Rd5 23. Qe4 Red8 24. Rad1 Bf6 25. Bh6 Qd6 26. h4 Rh5 27. Bf4
Qxf4 28. Qxf4 Kg7 29. Bxe6 Ba6 30. g3 Rf8 31. Qxc7 {Black resigns} 1-0

[Event "Team 45 45 League T32"]
[Site "Internet Chess Club"]
[Date "2007.02.02"]
[Round "3"]
[White "charles-allen"]
[Black "BenjaminSisko"]
[Result "1-0"]
[WhiteElo "1674"]
[BlackElo "1632"]
[ECO "C21"]
[TimeControl "2700+45"]

1. e4 e5 2. d4 exd4 3. c3 d5 4. Qxd4 Nf6 5. Bg5 Nc6 6. Bb5 Bd7 7. Bxc6 Bxc6 8.
e5 Qe7 9. Kd1 Qe6 10. exf6 gxf6 11. Qxf6 Qg4+ 12. Nf3 Rg8 13. Re1+ {Black
resigns} 1-0

[Event "Team 45 45 League T32"]
[Site "Internet Chess Club"]
[Date "2007.02.03"]
[Round "3"]
[White "A-Ru"]
[Black "LoseOften"]
[Result "1-0"]
[WhiteElo "1890"]
[BlackElo "1730"]
[ECO "A80"]
[TimeControl "2700+45"]

1. d4 f5 2. Bg5 h6 3. Bh4 g5 4. e4 Nf6 5. e5 e6 6. exf6 Qxf6 7. Bg3 f4 8. Nf3
Nc6 9. c3 b6 10. Bb5 Bb7 11. Bxc6 Bxc6 12. Ne5 fxg3 13. Qh5+ Kd8 14. hxg3 Kc8
15. Nxc6 dxc6 16. Nd2 Kb7 17. Ne4 Qf5 18. Nxg5 Bd6 19. Nf7 Qe4+ 20. Qe2 Qxg2 21.
O-O-O Rhf8 22. Rdg1 Qd5 23. Nxd6+ cxd6 24. b3 Rf3 25. Rxh6 Rxc3+ 26. Kb2 Qxd4
27. Rh7+ Kb8 28. Kb1 Qd3+ 29. Qxd3 Rxd3 30. Rgh1 Rf3 31. Rh8+ Kb7 32. R1h7+
{Black resigns} 1-0

[Event "Team 45 45 League T32"]
[Site "Internet Chess Club"]
[Date "2007.02.02"]
[Round "3"]
[White "Hedges"]
[Black "shijith"]
[Result "1-0"]
[WhiteElo "1780"]
[BlackElo "1772"]
[ECO "C11"]
[TimeControl "2700+45"]

1. e4 e6 2. d4 d5 3. Nc3 Nf6 4. Bd3 a6 5. Nf3 Be7 6. O-O O-O 7. Re1 Nc6 8. e5
Nd7 9. a3 Na7 10. Ne2 c5 11. c3 Nc6 12. Nf4 b5 13. Nh3 h6 14. Nf4 cxd4 15. cxd4
Bb7 16. Be3 Nb6 17. b3 Rc8 18. Bb1 Qd7 19. Qd3 f5 20. exf6 Bxf6 21. Qh7+ Kf7 22.
Ne5+ Nxe5 23. dxe5 Bxe5 24. Qg6+ Ke7 25. Nxe6 Qxe6 26. Qxe6+ Kxe6 27. Bxb6 Kd6
28. Ra2 Rfe8 29. Rae2 Bc6 30. Bg6 Re7 31. b4 Bxh2+ 32. Kxh2 Rxe2 33. Rxe2 Bd7
34. Bc5+ Kc6 35. Re7 a5 36. Rxg7 axb4 37. axb4 Ra8 38. Bd3 {Black resigns} 1-0

[Event "Team 45 45 League T32"]
[Site "Internet Chess Club"]
[Date "2007.02.05"]
[Round "3"]
[White "Beancounter"]
[Black "kamu"]
[Result "1/2-1/2"]
[WhiteElo "1689"]
[BlackElo "1723"]
[ECO "A67"]
[TimeControl "2700+45"]

1. d4 Nf6 2. c4 c5 3. d5 e6 4. Nc3 exd5 5. cxd5 d6 6. e4 g6 7. f4 Bg7 8. Bb5+
Nbd7 9. e5 dxe5 10. fxe5 Nh5 11. e6 Qh4+ 12. g3 Nxg3 13. hxg3 Qxh1 14. exd7+
Bxd7 15. Bxd7+ Kxd7 16. Qa4+ Kc8 17. Be3 Bxc3+ 18. bxc3 Qxd5 19. Rd1 Qe6 20. Kf2
Rd8 21. Rxd8+ Kxd8 22. Nf3 b6 23. Qh4+ Kc7 24. Ne5 Qxa2+ 25. Kf3 Qd5+ 26. Kf2
Qa2+ 27. Kf3 Qd5+ 28. Kf2 {Game drawn by mutual agreement} 1/2-1/2

[Event "Team 45 45 League T32"]
[Site "Internet Chess Club"]
[Date "2007.02.04"]
[Round "3"]
[White "martineden"]
[Black "Mater"]
[Result "1-0"]
[WhiteElo "1968"]
[BlackElo "1748"]
[ECO "D42"]
[TimeControl "2700+45"]

1. d4 d5 2. c4 e6 3. Nc3 Nf6 4. Nf3 c5 5. cxd5 Nxd5 6. e3 cxd4 7. Nxd5 Qxd5 8.
Qxd4 Qxd4 9. Nxd4 Bd7 10. Nb5 Bb4+ 11. Bd2 Bxd2+ 12. Kxd2 Bxb5 13. Bxb5+ Nd7 14.
Rac1 a6 15. Bd3 Rd8 16. Ke2 O-O 17. Rc7 Ne5 18. Be4 b5 19. Rhc1 Nc4 20. b3 Nd6
21. Bb7 Nxb7 22. Rxb7 Rb8 23. Ra7 Rb6 24. Rcc7 g6 25. Kf3 Rd6 26. g4 Kg7 27. g5
Rd5 28. h4 Rf5+ 29. Kg3 h6 30. gxh6+ Kxh6 31. Rxa6 Rd8 32. Ra5 Rd2 33. f4 Rd3
34. Kf3 Kh5 35. Rb7 e5 36. Raxb5 exf4 37. Rxf5+ gxf5 38. Kxf4 Kxh4 39. Rxf7 Kh3
40. Rxf5 Rd2 41. Kf3 Kh2 42. a4 Kg1 43. a5 Rf2+ 44. Ke4 Rb2 45. Rb5 Kf2 46. a6
Ra2 47. Rb6 Ra3 48. Kd5 Kxe3 49. Kc6 Kd4 50. Kb7 Kc5 51. b4+ {Black resigns} 1-0

[Event "Team 45 45 League T32"]
[Site "Internet Chess Club"]
[Date "2007.02.03"]
[Round "3"]
[White "MaunaKeaMike"]
[Black "chinta"]
[Result "1-0"]
[WhiteElo "1830"]
[BlackElo "1708"]
[ECO "A05"]
[TimeControl "2700+45"]

1. Nf3 Nf6 2. g3 Nc6 3. d4 d5 4. Bg2 Bf5 5. c3 e6 6. Bg5 h6 7. Bxf6 Qxf6 8. Nbd2
Bd6 9. O-O h5 10. h4 e5 11. dxe5 Nxe5 12. Nxe5 Bxe5 13. Bxd5 c6 14. Bg2 O-O-O
15. e4 Bg4 16. Qc2 g5 17. hxg5 Qxg5 18. f4 Qh6 19. Nf3 Bc7 20. Nh4 Rhg8 21. Kh2
Qg7 22. Qf2 Bb6 23. Qe1 Rd3 24. Bf3 Bxf3 25. Rxf3 Rxf3 26. Nxf3 f6 27. Nh4 Bc7
28. Qe3 Rd8 29. Rf1 Bb6 30. Qe2 Qg4 31. Re1 Rg8 32. Qxg4+ hxg4 33. e5 Re8 34. e6
Kc7 35. f5 Bc5 36. Rd1 Bd6 37. Ng6 c5 38. Kg2 Kc6 39. Rh1 Kd5 40. Rh7 Ke4 41.
Nh4 Rb8 42. Rd7 Be5 43. e7 Re8 44. Rxb7 Bd6 45. Rxa7 Bxe7 46. c4 Kd3 47. b3 Bd6
48. Rd7 Re2+ 49. Kf1 Rxa2 50. Rxd6+ Kc3 51. Rb6 Ra1+ 52. Kf2 Kd3 53. Rd6+ Ke4
54. Rd2 Rb1 55. Re2+ Kd4 56. Ng2 Rxb3 57. Ne3 Rc3 58. Nxg4 Rxc4 59. Nxf6 Kd3 60.
Nd7 Kd4 61. f6 Ra4 62. f7 {Black resigns} 1-0

[Event "Team 45 45 League T32"]
[Site "Internet Chess Club"]
[Date "2007.02.05"]
[Round "3"]
[White "shakkimestari"]
[Black "bishopb7"]
[Result "1-0"]
[WhiteElo "1741"]
[BlackElo "1680"]
[ECO "C11"]
[TimeControl "2700+45"]

1. e4 e6 2. d4 d5 3. Nc3 Nf6 4. e5 Nfd7 5. Nf3 c5 6. Bb5 Nc6 7. Bxc6 bxc6 8. Bg5
Qc7 9. Ne2 cxd4 10. Qxd4 Ba6 11. Ng3 Bc5 12. Qc3 d4 13. Nxd4 Qxe5+ 14. Be3 Qc7
15. Nxe6 fxe6 16. Bxc5 Nxc5 17. Qxc5 O-O-O 18. c4 Rd3 19. O-O Rhd8 20. b4 Qb6
21. Qxb6 axb6 22. Rfc1 R8d4 23. b5 Bb7 24. a4 Rd2 25. f3 Rb2 26. Ne4 cxb5 27.
cxb5+ Kd7 28. Rd1 e5 29. Nf2 Rdd2 30. Rxd2+ Rxd2 31. a5 bxa5 32. Rxa5 Rb2 33. h3
Rd2 34. b6 Rd5 35. Rxd5+ Bxd5 36. Ng4 Ke6 37. Kf2 h5 38. Ne3 Bb7 39. Kg3 g5 40.
h4 Kf6 41. hxg5+ Kxg5 42. Nc4 {Black resigns} 1-0

[Event "Team 45 45 League T32"]
[Site "Internet Chess Club"]
[Date "2007.02.04"]
[Round "3"]
[White "matein7"]
[Black "Gil-galad"]
[Result "0-1"]
[WhiteElo "1924"]
[BlackElo "2109"]
[ECO "E94"]
[TimeControl "2700+45"]

1. d4 Nf6 2. Nf3 g6 3. c4 Bg7 4. Nc3 d6 5. e4 O-O 6. Be2 e5 7. O-O Na6 8. dxe5
dxe5 9. Qxd8 Rxd8 10. Bg5 Re8 11. Rfe1 c6 12. a3 Nc5 13. Nd2 Ne6 14. Be3 Nd4 15.
Rac1 Ng4 16. c5 Nxe3 17. fxe3 Nxe2+ 18. Nxe2 Be6 19. Nc4 Bxc4 20. Rxc4 Red8 21.
Rec1 Rd2 22. R4c2 Rad8 23. Kf2 Bh6 24. b4 R8d3 25. Rxd2 Bxe3+ 26. Kf1 Rxd2 27.
Rb1 Ra2 28. Nc3 Rxa3 29. Nd5 cxd5 30. exd5 Kf8 31. c6 bxc6 32. dxc6 Rc3 33. b5
Ke7 34. Ke2 Bd4 35. Rb4 Kd6 {White resigns} 0-1

[Event "Team 45 45 League T32"]
[Site "Internet Chess Club"]
[Date "2007.02.04"]
[Round "3"]
[White "gorgon"]
[Black "ChrisBreeden"]
[Result "1-0"]
[WhiteElo "2125"]
[BlackElo "1896"]
[ECO "D99"]
[TimeControl "2700+45"]

1. d4 Nf6 2. c4 g6 3. Nf3 Bg7 4. Nc3 d5 5. Qb3 dxc4 6. Qxc4 O-O 7. e4 Bg4 8. Be3
Nfd7 9. Qb3 Nb6 10. Rd1 Nc6 11. d5 Ne5 12. Be2 Bxf3 13. gxf3 Qc8 14. h4 c6 15.
h5 Rd8 16. hxg6 hxg6 17. Bxb6 axb6 18. Qxb6 Rd6 19. Qe3 Qd7 20. f4 Ng4 21. Qg3
Nh6 22. e5 Rxd5 23. Nxd5 cxd5 24. Qb3 e6 25. a3 Qc7 26. Rh3 Nf5 27. Rc3 Qa5 28.
Qxb7 d4 29. b4 {Black resigns} 1-0